 Seeded DCSS version 0.28-a0-1087-gf3fc490d9d (webtiles) character file.

Game seed: 16028976353715727109 (custom seed)

212 karrick the Covered (level 5, -8/33 HPs)
             Began as a Gargoyle Fighter on Dec 11, 2021.
             Killed from afar by a steam dragon (13 damage)
             ... with a ball of steam
             ... on level 3 of the Dungeon.
             The game lasted 00:03:04 (3336 turns).

karrick the Covered (Gargoyle Fighter)              Turns: 3336, Time: 00:03:05

Health: -8/33      AC: 11    Str: 20    XL:     5   Next: 90%
Magic:  5/5        EV:  9    Int:  8    God:
Gold:   137        SH:  4    Dex: 11    Spells: 4/4 levels left

rFire   . . .      SeeInvis .   a - +0 flail
rCold   . . .      Faith    .   c - +0 buckler
rNeg    + . .      Spirit   .   b - +0 scale mail
rPois   ∞          Reflect  .   (no helmet)
rElec   +          Harm     .   (no cloak)
rCorr   .          Rampage  .   (no gloves)
Will    .....                   (no boots)
Stlth   ..........              (no amulet)
HPRegen 0.11/turn               (no ring)
MPRegen 0.09/turn               (no ring)

@: no status effects
A: sickness immunity, AC +4, negative energy resistance 1, electricity
resistance, torment resistance 1, petrification resistance
a: no special abilities


You were on level 3 of the Dungeon.
You visited 1 branch of the dungeon, and saw 4 of its levels.

You collected 137 gold pieces.

Inventory:

Hand Weapons
 a - a +0 flail (weapon)
Missiles
 f - a throwing net (quivered)
Armour
 b - a +0 scale mail (worn)
 c - a +0 buckler (worn)
Jewellery
 k - an amulet of reflection
Scrolls
 e - 3 scrolls of identify {unknown}
 g - 3 scrolls of enchant armour {unknown}
 n - a scroll of enchant weapon {unknown}
Potions
 h - 2 potions of lignification {unknown}
 i - a potion of haste {unknown}
 j - a potion of curing {unknown}
 l - a potion of flight {unknown}
 m - 2 potions of brilliance {unknown}


   Skills:
 + Level 3.8 Fighting
 + Level 4.2 Maces & Flails
 + Level 4.5 Armour
 + Level 0.5 Dodging
 + Level 0.1 Stealth
 + Level 3.9 Shields


You had 4 spell levels left.
You didn't know any spells.
Your spell library contained the following spells:

 Spells                   Type           Power      Damage    Failure   Level
 Gell's Gravitas          Tloc           0%         N/A       98%         3
 Lesser Beckoning         Tloc           0%         N/A       98%         3
 Teleport Other           Tloc           0%         N/A       98%         3


Dungeon Overview and Level Annotations

Branches:
Dungeon (4/15)
 Temple: D:4-7

Altars:

Annotations:
D:4 Eustachio


Innate Abilities, Weirdness & Mutations

You are immune to sickness and miasma.
Your stone body is resilient. (AC +4)
You are immune to poison.
You resist negative energy. (rN+)
You are resistant to electric shocks. (rElec)
You are resistant to unholy torment.
You are immune to petrification.


Message History

No target in view!
No target in view!
You climb downwards.
The steam dragon breathes steam at you. The ball of steam misses you.
There is a stone staircase leading up here.
Eustachio the Magnificent comes into view.
He is wielding a +0 rapier.
You hit the steam dragon.
The steam dragon is lightly wounded.
The steam dragon breathes steam at you. The ball of steam hits you!
An orc comes into view. It is wielding a +0 dagger.
The orc shouts!
You hear a shout!
There is a stone staircase leading up here.
You block the steam dragon's attack. The steam dragon closely misses you.
Eustachio screams, "This atrocity can only be purified with blood!"
You climb upwards.
There is a stone staircase leading down here.
You hit the steam dragon.
The steam dragon is moderately wounded.
The steam dragon breathes steam at you. The ball of steam misses you.
The steam dragon bites you.
The steam dragon claws you but does no damage.
You hit the steam dragon but do no damage.
The steam dragon is moderately wounded.
You are engulfed in a cloud of scalding steam.
The steam dragon bites you but does no damage.
The steam dragon claws you but does no damage.
You hit the steam dragon.
The steam dragon is moderately wounded.
You are engulfed in a cloud of scalding steam.
The steam dragon bites you but does no damage.
The steam dragon barely misses you.
You thump the steam dragon!
The steam dragon is heavily wounded.
You are engulfed in a cloud of scalding steam.
* * * LOW HITPOINT WARNING * * *
The steam dragon breathes steam at you. The ball of steam hits you!
You die...

#.###.## #......#.#### #.###.#
######.#.#
##########..##.###########.#.#
..............#..........#.#.#
###########.##.#########.#.#.#
#.##.# #.#.#.# #.##.# ##.#.#.#
#.##.########......#
#.##§[@D.........###
#.#######.######## #.# #.# #)#
#.# #.# #.# #.# #.# #.# #.#
#.# #.# #.# ###.###


You could see a steam dragon (catching breath).

Vanquished Creatures
  Blork the orc (D:3)
  A centaur skeleton (D:4)
  An iguana (D:4)
  2 adders (D:3)
  3 worms
  5 dart slugs
  An orc (D:3)
  6 ball pythons
  3 endoplasms (D:2)
  A giant cockroach (D:1)
  6 goblins
  9 hobgoblins
  3 quokkas (D:1)
  5 bats
  A frilled lizard (D:3)
  4 kobolds
  4 rats
56 creatures vanquished.

Notes
Turn   | Place    | Note
-------+----------+-------------------------------------------
     0 | D:1      | karrick the Gargoyle Fighter began the quest for the Orb.
     0 | D:1      | Reached XP level 1. HP: 14/14 MP: 1/1
   254 | D:1      | Reached XP level 2. HP: 15/19 MP: 2/2
   595 | D:1      | Found a faded altar of an unknown god.
   775 | D:2      | Reached XP level 3. HP: 20/23 MP: 3/3
  2101 | D:3      | Reached XP level 4. HP: 27/28 MP: 4/4
  2833 | D:4      | Reached XP level 5. HP: 12/33 MP: 5/5
  3020 | D:4      | Noticed a phantom
  3168 | D:4      | Noticed Blork the orc
  3168 | D:4      | Noticed a steam dragon
  3218 | D:3      | Killed Blork the orc
  3328 | D:4      | Noticed Eustachio
  3336 | D:3      | Killed from afar by a steam dragon

Illustrated notes

Levels and vault maps discovered:
D:1:      sevenhm_arrival_forest_fort_large_4, layout_rooms,
          ebering_ecumenical_altar_rust
D:2:      layout_basic, st_stairs_11, kennysheep_small_spiral
D:3:      layout_loops_ring
D:4:      layout_rooms, ebering_ghost_inner_flame, uniq_blork_the_orc,
          uniq_eustachio

Skill      XL: |  1  2  3  4  5 |
---------------+----------------+-----
Armour         | 4 |  4.5
Maces & Flails | 3 4 |  4.2
Fighting       | |  3.8
Dodging        | |  0.5
Stealth        | |  0.1
Shields        | |  3.9

Action                   |  1- 3 |  4- 6 || total
-------------------------+-------+-------++-------
Melee: Flail             |   149 |    77 ||   226
  Use: Potion            |       |     1 ||     1
Armor: Scale mail        |    74 |    42 ||   116
Dodge: Dodged            |    74 |    30 ||   104
Block: Buckler           |    35 |    21 ||    56

Table legend: (Time is in decaauts)
 A = Elapsed time spent in this place.
 B = Non-inter-level travel time spent in this place.
 C = Inter-level travel time spent in this place.
 D = Time resting spent in this place.
 E = Time spent auto-exploring this place.
 F = Levels seen in this place.
 G = Mean time per level.
                   A        B        C        D        E       F      G
               +--------+--------+--------+--------+--------+-----+--------+
         Total |   3402 |   3235 |    167 |    100 |   2599 |   4 |  850.5 |
       Dungeon |   3402 |   3235 |    167 |    100 |   2599 |   4 |  850.5 |
               +--------+--------+--------+--------+--------+-----+--------+

Top non-repeatable levels by time:
     D:3: 1202 daAuts
     D:2: 1142 daAuts
     D:1: 791 daAuts
     D:4: 266 daAuts
